AoeStats
← TVHG.Vladdd

Golden Pit

510048737Analyzed
1v1 RM · 1d ago on Sep 29, 2026· 48m 15s· 2 players
Game mode
Random Map
Map size
Tiny (2 player)
Population
200
Speed
Normal
Resources
Standard
Victory
Conquest
Starting age
Dark Age
Ending age
Imperial Age
RankedLock teamsTeams togetherTeam positionsShared explorationLock speedFull tech treeHidden civsTurbo modeCheats
Victory
Defeat
🇦🇷 Aztecs · Argentina
1146
+15
🇺🇸 Cumans · United States
1132
-15
pincheterror
10:38 Feudal Age
8:55 Loom
11:13 Double-Bit Axe
11:22 Horse Collar
19:35 Fletching
19:47 Padded Archer Armor
26:10 Castle Age
24:47 Wheelbarrow
25:38 Bloodlines
25:49 Scale Barding Armor
25:57 Forging
27:24 Hand Cart
27:02 Crossbowman
28:03 Light Cavalry
33:14 Iron Casting
32:34 Bodkin Arrow
36:11 Imperial Age
35:37 Ballistics
36:07 Steppe Husbandry
40:39 Elite Steppe Lancer
TVHG.Vladdd
4:48 Loom
9:41 Feudal Age
11:56 Loom
13:09 Man-at-Arms
18:52 Castle Age
17:19 Stone Mining
18:24 Fletching
19:05 Double-Bit Axe
21:01 Bow Saw
23:59 Scale Mail Armor
26:10 Town Watch
27:03 Wheelbarrow
26:36 Gold Mining
27:16 Squires
27:54 Pikeman
28:35 Squires
29:11 Chain Mail Armor
29:06 Forging
28:57 Horse Collar
29:57 Gold Shaft Mining
30:28 Heavy Plow
34:35 Imperial Age
33:57 Hand Cart
33:45 Arson
33:21 Eagle Warrior
34:46 Stone Shaft Mining
34:25 Atlatl
35:56 Conscription
35:58 Garland Wars
36:14 Plate Mail Armor
36:20 Iron Casting
35:57 Town Patrol
36:33 Elite Eagle Warrior
38:48 Iron Casting
38:08 Bodkin Arrow
38:51 Elite Skirmisher
41:34 Blast Furnace
41:52 Chemistry
41:12 Ballistics
40:57 Siege Engineers
41:19 Guard Tower
Connection lost

Rejoining the realm…

Still unreachable

The connection could not be restored.

Session expired

The server has moved on; the page needs a fresh start.